 Dungeon Crawl Stone Soup version 0.31.0-10-gcf4a605ca0 (webtiles) character file.

Game seed: 13952964731376756574

2062229 Datul the Skinwalker (level 24, 309/309 HPs)
             Began as a Purple Draconian Shapeshifter on Jan 23, 2024.
             Was an Elder of Jiyva.
             Escaped with the Orb
             ... and 3 runes
             ... and 1 gem on Jan 25, 2024!
             The game lasted 05:26:51 (48347 turns).

Datul the Skinwalker (DrSh)                        Turns: 48347, Time: 05:26:52

Health: 309/309    AC: 40    Str: 23    XL:     24   Next: 67%
Magic:  41/41      EV: 17    Int: 10    God:    Jiyva [****..]
Gold:   2045       SH: 22    Dex: 15    Spells: 49/51 levels left

rFire   + +          .
                       - Unarmed
rCold   + . .        n - +4 kite shield of the Camelopard {rPois rN+ Will+++ Int-4}
rNeg    + + +        (body armour unavailable)
rPois   ∞            g - +2 hat
rElec   +            T - scarf of Xesasaan {rC+ rF+, rElec rCorr}
rCorr   +            (gloves currently unavailable)
SInv    .            w - melded +1 pair of boots "Bidemetz" {Rampage Will+ Dex-3 Slay+3}
Will    +++++        R - amulet of reflection
Stlth   +            K - ring of the Lizard {Fly rN+ Dex+2}
HPRegen 2.79/turn    r - ring of protection from fire
MPRegen 0.91/turn

%: reflection, clarity
@: statue-form, flying, studying 2 skills, very slow
A: slow and powerful, torment resistance 1, boosted hp, (breathe power), AC +12,
unfitting armour, cold-blooded, clarity, deterioration 2, sense surroundings 3,
regeneration 1, screaming 1, (gelatinous body 1), translucent skin 3, tendrils,
inability to drink after injury 1, inability to read after injury 1, persistent
drain
0: Orb of Zot
}: 3/15 runes: decaying, serpentine, slimy
a: Begin Untransformation, Renounce Religion, Oozemancy, Slimify


You escaped.
You worshipped Jiyva.
Jiyva was greatly pleased with you.
You were a living statue of rough stone.
You visited 11 branches of the dungeon, and saw 52 of its levels.
You also visited: Sewer and Gauntlet.

You collected 4293 gold pieces.
You spent 2248 gold pieces at shops.

Inventory:

Hand Weapons
 D - a +2 antimagic demon trident
Missiles
 C - 9 curare-tipped darts
 P - 9 silver javelins (quivered)
Armour
 g - a +2 hat (worn)
 n - the +4 kite shield of the Camelopard (worn) {rPois rN+ Will+++ Int-4}
   (You took it off a deep elf high priest on level 3 of the Elven Halls)

   Int-4:     It affects your intelligence (-4).
   rPois:     It protects you from poison rN+: It protects you from negative
   energy.
   Will+++:   It greatly increases your willpower.
 w - the +1 pair of boots "Bidemetz" (melded) {Rampage Will+ Dex-3 Slay+3}
   (You found it on level 2 of the Swamp)

   Dex-3:     It affects your dexterity (-3).
   Slay+3:    It affects your accuracy & damage with ranged weapons and melee
   (+3).
   Will+:     It increases your willpower.
   Rampage:   It bestows one free step when moving towards enemies.
 T - the scarf of Xesasaan (worn) {rC+ rF+, rElec rCorr}
   (You bought it in a shop on level 2 of the Orcish Mines)

   rElec:     It insulates you from electricity.
   rCorr:     It protects you from acid and corrosion.
Magical Staves
 J - a staff of air
 X - a staff of earth
Jewellery
 j - the amulet "Bicyil" {rF+ Will+ Regen+ Stlth+}
   (You took it off a fire giant on level 1 of the Depths)

   [amulet of regeneration]

   rF+:       It protects you from fire.
   Will+:     It increases your willpower.
   Regen+:    It increases your rate of health regeneration.
   Stlth+:    It makes you more stealthy.
 r - a ring of protection from fire (right fist)
 x - a ring of wizardry
 K - the ring of the Lizard (left fist) {Fly rN+ Dex+2}
   (You took it off a spriggan defender on level 1 of the Depths)

   [ring of flight]

   Dex+2:     It affects your dexterity (+2).
   rN+:       It protects you from negative energy.
   Fly:       It grants you flight.
 R - an amulet of reflection (around neck)
 Z - a ring of poison resistance
Talismans
 a - a storm talisman
 b - a granite talisman (active)
 c - a flux talisman
 h - the serpent talisman of Thoughtfulness {rC+ Dex+2}
   (You took it off Aizul on level 3 of the Snake Pit)

   [serpent talisman]

   Dex+2:     It affects your dexterity (+2).
   rC+:       It protects you from cold.
 l - a dragon-blood talisman
 V - a maw talisman
Wands
 k - a wand of polymorph (32)
 p - a wand of digging (15)
 y - a wand of acid (22)
 E - a wand of iceblast (6)
 U - a wand of paralysis (11)
Scrolls
 d - 2 scrolls of silence
 m - 8 scrolls of teleportation
 o - 4 scrolls of fog
 q - a scroll of poison
 H - a scroll of immolation
 M - 5 scrolls of enchant armour
 O - 2 scrolls of vulnerability
 S - 2 scrolls of enchant weapon
 W - 2 scrolls of fear
Potions
 f - a potion of berserk rage
 i - 3 potions of enlightenment
 t - a potion of haste
 v - 5 potions of mutation
 z - a potion of lignification
 A - 9 potions of curing
 B - 3 potions of magic
 F - 2 potions of invisibility
 G - 3 potions of attraction
 I - 2 potions of brilliance
 L - a potion of cancellation
 N - 3 potions of ambrosia
 Q - 3 potions of heal wounds
 Y - 2 potions of might
Miscellaneous
 e - a lightning rod (4/4)
 u - a phial of floods


   Skills:
 - Level 24.0 Fighting
 - Level 12.0 Dodging
 - Level 14.2 Shields
 - Level 19.8 Unarmed Combat
 - Level 14.1 Spellcasting
 - Level 5.8 Translocations
 - Level 12.0 Evocations
 + Level 25.5 Shapeshifting


You had 49 spell levels left.
You knew the following spells:

 Your Spells              Type           Power      Damage    Failure   Level
a - Blink                 Tloc           36%        N/A       1%          2

Your spell library contained the following spells:

 Spells                   Type           Power      Damage    Failure   Level
 Lesser Beckoning         Tloc           36%        N/A       1%          2
 Momentum Strike          Conj/Tloc      24%        3d8       6%          2
 Volatile Blastmotes      Fire/Tloc      24%        2d12      12%         3
 Manifold Assault         Tloc           18%        N/A       12%         4
 Passage of Golubria      Tloc           18%        N/A       12%         4
 Freeze                   Ice            28%        1d5       14%         1
 Kiss of Death            Conj/Necr      28%        2d7       14%         1
 Necrotise                Necr           28%        1d5       14%         1
 Shock                    Conj/Air       28%        1d4       14%         1
 Call Imp                 Summ           14%        N/A       21%         2
 Ensorcelled Hibernation  Hex/Ice        14%        N/A       21%         2
 Static Discharge         Conj/Air       14%        3-4/arc   21%         2
 Call Canine Familiar     Summ           7%         N/A       38%         3
 Confusing Touch          Hex            7%         N/A       38%         3
 Frozen Ramparts          Ice            14%        1d3       38%         3
 Fugue of the Fallen      Necr           7%         N/A       38%         3
 Hailstorm                Conj/Ice       7%         3d5       38%         3
 Inner Flame              Hex/Fire       7%         N/A       38%         3
 Ozocubu's Armour         Ice            7%         N/A       38%         3
 Sigil of Binding         Hex            7%         N/A       38%         3
 Stone Arrow              Conj/Erth      14%        3d7       38%         3
 Summon Ice Beast         Ice/Summ       7%         N/A       38%         3
 Swiftness                Air            7%         N/A       38%         3
 Tukima's Dance           Hex            7%         N/A       38%         3
 Dimensional Bullseye     Hex/Tloc       6%         N/A       38%         4
 Iskenderun's Mystic Bla  Conj/Tloc      12%        2d5       38%         4
 Summon Forest            Summ/Tloc      6%         N/A       75%         5
 Airstrike                Air            3%         2d(1-17)  80%         4
 Anguish                  Hex/Necr       3%         N/A       80%         4
 Cause Fear               Hex            3%         N/A       80%         4
 Flame Wave               Conj/Fire      7%         2d5       80%         4
 Fulminant Prism          Conj/Alch      3%         3d5       80%         4
 Ignite Poison            Fire/Alch      7%         N/A       80%         4
 Leda's Liquefaction      Alch/Erth      3%         N/A       80%         4
 Petrify                  Alch/Erth      7%         N/A       80%         4
 Sticky Flame             Fire/Alch      7%         2d4       80%         4
 Summon Lightning Spire   Summ/Air       7%         N/A       80%         4
 Dispersal                Tloc           9%         N/A       88%         6
 Borgnjor's Vile Clutch   Necr/Erth      3%         N/A       98%         5
 Fireball                 Conj/Fire      3%         3d4       98%         5
 Lee's Rapid Deconstruct  Erth           3%         3d5*      98%         5
 Metabolic Englaciation   Hex/Ice        3%         N/A       98%         5
 Yara's Violent Unravell  Hex/Alch       3%         3d4       98%         5
 Bombard                  Conj/Erth      3%         9d1       100%        6
 Conjure Ball Lightning   Conj/Air       3%         3x3d6     100%        6
 Eringya's Noxious Bog    Alch           3%         4d6       100%        6
 Sculpt Simulacrum        Ice/Alch       3%         N/A       100%        6
 Enfeeble                 Hex            3%         N/A       100%        7
 Ozocubu's Refrigeration  Ice            3%         4d8       100%        7
 Summon Hydra             Summ           3%         N/A       100%        7
 Borgnjor's Revivificati  Necr           3%         N/A       100%        8
 Discord                  Hex            3%         N/A       100%        8
 Disjunction              Tloc           9%         N/A       100%        8
 Ignition                 Fire           3%         3d4       100%        8
 Infestation              Necr           3%         N/A       100%        8
 Lehudib's Crystal Spear  Conj/Erth      3%         10d3      100%        8
 Summon Horrible Things   Summ           3%         N/A       100%        8
 Chain Lightning          Conj/Air       3%         3d4       100%        9
 Dragon's Call            Summ           3%         N/A       100%        9
 Fire Storm               Conj/Fire      3%         8d1       100%        9
 Shatter                  Erth           3%         3d7*      100%        9
 Sublimation of Blood     Necr           Unusable   N/A       N/A         2
 Animate Armour           Summ/Erth      Unusable   N/A       N/A         4

Dungeon Overview and Level Annotations

Branches:
Dungeon (15/15)            Temple (1/1) D:5            Lair (5/5) D:8
  Swamp (4/4) Lair:3        Snake (4/4) Lair:3        Slime (5/5) Lair:4
    Orc (2/2) D:10            Elf (3/3) Orc:2        Vaults (4/5) D:13
  Crypt (0/3) Vaults:2     Depths (4/4) D:15            Zot (5/5) Depths:4
  Sewer (visited)         Gauntlet (visited)

Altars:
Ashenzari
Cheibriados
Dithmenos
Elyvilon
Fedhas
Gozag
Hepliaklqana
Kikubaaqudgha
Makhleb
Nemelex Xobeh
Okawaru
Qazlal
Ru
Sif Muna
Trog
Uskayaw
Vehumet
Wu Jian
Xom
Yredelemnul
Zin
The Shining One
Jiyva

Shops:
D:3 [   D:11 =*[=   Orc:2 :[(*   Elf:1 ?   Elf:2 !   Snake:1 (=   Snake:3 *
Vaults:1 [   Vaults:4 !   Depths:2 :

Portals:
Hell: Lair:5 Depths:1 Depths:2 Depths:3 Depths:4
Abyss: Swamp:1 Depths:3 Depths:4
Pandemonium: Depths:2
Ziggurat: Depths:1

Annotations:
Slime:3 Dissolution
Slime:5 Royal Jelly
Elf:1 1 runed translucent door
Elf:2 5 runed translucent doors
Vaults:4 1 transporter, Anosyof's ghost, adept CeHu
Depths:1 5 transporters, exclusion: orange crystal statue
Zot:4 1 transporter


Innate Abilities, Weirdness & Mutations

You are a living statue of rough stone.
Your actions are slow, but your melee attacks are powerful.
You are resistant to unholy torment.
Your maximum health is greatly increased.
Your equipment is partially melded.
((You can breathe bolts of dispelling energy.))
((Your rich purple scales are hard. (AC +12)))
You cannot fit into any form of body armour.
You are immune to poison.
You are cold-blooded and may be slowed by cold attacks.
You possess an exceptional clarity of mind.
Your body often deteriorates upon taking damage.
You passively map a large area around you.
Your natural rate of healing is unusually fast.
You occasionally shout uncontrollably at your foes.
((Your rubbery body absorbs attacks. (AC +1, EV +1)))
Your transparent skin significantly reduces your foes' accuracy. (Stealth+)
You are covered in slimy tendrils that may disarm your opponents.
You occasionally lose the ability to drink potions when taking damage.
You occasionally lose the ability to read scrolls when taking damage.
Your health recovers twice as slowly from being drained.


Message History

You block the Executioner's attack. x2
The Executioner hits you but does no damage. x2
Unknown command.
You pummel the Executioner like a punching bag!!!!
You kill the Executioner!
Unknown command.
No target in view!
No target in view!
Unknown command.
What level of the Dungeon? (default 1, ? - help)
There is a stone staircase leading up here.
You fly upwards.
There is a stone staircase leading down here.
You swap places.
There is a stone staircase leading up here.
You fly upwards.
Jiyva gurgles merrily.
There is a stone staircase leading down here.
There is a stone staircase leading up here.
You fly upwards.
There is a stone staircase leading down here.
There is a stone staircase leading up here.
You fly upwards.
There is a stone staircase leading down here.
There is a stone staircase leading up here.
You fly upwards.
There is a stone staircase leading down here.
Aiming: Dig
Press: ? - help, Shift-Dir - straight line, f - you Please select a direction to dig.
A stone staircase leading down.
This square is covered in magical glow.
The rock shatters into small pieces.
Aiming: Dig
Press: ? - help, Shift-Dir - straight line, f - you Please select a direction to dig.
This square is covered in magical glow.
The rock shatters into small pieces.
There is a fountain of clear blue water here.
There is a staircase leading out of the dungeon here.
You have escaped!

#.# #.# #.# #... #.# #.# #.# #...
#.# #.# ####.## ######... #.###
#####.....# #........ #...#
##.....⌠..# ####.####.#. ###.#
##.........###...........
#.#####....#......#..##.####.##
###........###.........##.# #.#
....####..## #..8..#...##.####.##
.##.#####..###........###........
.##.#........#......#.# ######.##
........##.........#### #.#
.#.......##.....⌠..# #.#
.#..#...#.####.....# ###.##
.............####### #.....
.#..#..........##.######## #.#.##
.#..##.........##........# #.#.#


There were no monsters in sight!

Vanquished Creatures
  4 dread liches (Zot:5)
  An ancient lich (Zot:5)
  6 orbs of fire
  4 juggernauts (Depths:2)
  Boris (Depths:2)
  the Lernaean hydra (Swamp:4)
  Saint Roka (Snake:4)
  Vashnia (Snake:3)
  2 pandemonium lords
  5 golden dragons
  2 electric golems
  A Tzitzimitl (Zot:5)
  An iron giant (Depths:2)
  Jorgrun (Elf:1)
  A hellephant (Swamp:1)
  3 tentacled monstrosities
  25 Orb Guardians
  5 liches
  A titan (Depths:1)
  An Ice Fiend (Depths:3)
  6 quicksilver dragons
  A walking frostbound tome (Depths:2)
  A deep elf master archer (Elf:3)
  2 walking divine tomes (Depths:2)
  3 death cobs
  2 Executioners
  5 sphinxes
  Frances (D:12)
  The ghost of Rem the Severer, an adept NaFi of Ignis (Swamp:2)
  Gastronok (D:12)
  7 storm dragons
  8 tengu reavers
  The ghost of Zenkrye the Severer, an adept HOFi of Beogh (Swamp:2)
  9 shadow dragons
  A draconian monk (Zot:4)
  3 thorn hunters
  The ghost of Matygoc the Slicer, an adept HaSk of Okawaru (Swamp:1)
  3 nagarajas
  The ghost of pigah the Metamorph, an adept OpSh of Gozag (Swamp:2)
  Roxanne (Snake:4)
  6 draconian knights
  Aizul (Snake:3)
  A fenstrider witch (Swamp:3)
  10 fire giants
  7 vault wardens
  A draconian shifter (Zot:4)
  2 protean progenitors
  12 frost giants
  An iron dragon (Depths:1)
  2 deep elf sorcerers (Elf:3)
  3 ghouls
  The ghost of Icun the Thaumaturge, a journeyman GnWr of Okawaru (Snake:3)
  2 deep elf elementalists (Elf:3)
  14 very ugly things
  3 orc warlords
  A demonspawn corrupter (Depths:1)
  2 draconian annihilators
  21 ironbound preservers
  A draconian stormcaller (Zot:5)
  8 deep elf demonologists
  15 stone giants
  3 spriggan defenders
  2 vampire knights
  2 ironbound thunderhulks
  7 deep elf death magi
  2 green draconians
  3 eleionomae (Swamp:1)
  6 red draconians
  6 bunyips
  Azrael (Snake:3)
  3 white draconians
  9 dire elephants
  3 black draconians
  2 lorocyprocas
  7 deep elf annihilators
  3 blizzard demons (Depths:2)
  2 spark wasps (Depths:3)
  3 yellow draconians
  9 ettins
  7 fire dragons
  A green death (Depths:2)
  An entropy weaver (Vaults:2)
  8 yaktaur captains
  4 deep elf high priests
  A shambling mangrove (Swamp:4)
  Fannar (Lair:1)
  4 vault guards
  21 hydras
  2 jorogumos (Zot:3)
  3 ogre magi
  7 alligators
  3 salamander tyrants
  3 rakshasas
  3 ghost crabs
  10 ironbound frosthearts
  13 ice dragons
  5 spriggan air magi
  16 two-headed ogres
  12 centaur warriors
  8 anacondas
  16 dancing weapons
  A death yak (Lair:2)
  2 death knights (Vaults:2)
  3 boulder beetles
  6 tengu warriors
  9 deep troll earth magi
  8 deep troll shamans
  15 naga warriors
  A sphinx skeleton (Depths:1)
  A vampire mage (Depths:2)
  2 occultists
  10 deep elf knights
  5 orc high priests
  5 spriggan berserkers
  22 naga sharpshooters
  7 shock serpents
  A sun demon (Lair:5)
  2 shadow wraiths
  A sixfirhy (Depths:1)
  8 salamander mystics
  7 arcanists
  5 skeletal warriors (D:14)
  7 goliath frogs
  6 iron trolls
  A skyshark (Lair:5)
  6 spriggan druids
  72 deep trolls
  A quicksilver dragon simulacrum (Depths:2)
  5 flayed ghosts
  18 mana vipers
  A death drake (Swamp:4)
  A mana viper (shapeshifter) (Depths:3)
  A shadow demon (Depths:1)
  13 naga ritualists
  14 swamp dragons
  Lodul (D:10)
  3 bog bodies
  10 lindwurms
  16 ironbound convokers
  2 phantasmal warriors
  12 orc knights
  6 orc sorcerers
  An oklob plant (Lair:1)
  21 deep elf pyromancers
  A necromancer (Depths:1)
  16 deep elf archers
  18 deep elf zephyrmancers
  9 cyclopes
  A worldbinder (Swamp:1)
  2 sphinx simulacra (Depths:2)
  9 moths of wrath
  3 manticores
  4 will-o-the-wisps
  Maurice (D:8)
  27 salamanders
  53 ugly things
  12 elephants
  19 naga magi
  Joseph (D:10)
  18 vault sentinels
  A frost giant skeleton (Depths:1)
  3 orange demons
  41 black mambas
  An apocalypse crab (Swamp:1)
  14 cane toads
  10 guardian serpents
  6 kobold blastminers
  3 smoke demons
  A gargoyle (D:12)
  2 torpor snails
  12 large abominations
  A hellion (Depths:4)
  25 yaktaurs
  6 rime drakes
  A komodo dragon (shapeshifter) (Depths:1)
  6 komodo dragons
  2 efreet
  6 freezing wraiths (Depths:2)
  2 unseen horrors (Depths:4)
  A kobold demonologist (D:13)
  2 ice devils (Lair:5)
  2 red devils (Lair:5)
  Psyche (D:11)
  3 golden dragon simulacra
  5 tengu conjurers
  A merfolk (D:9)
  2 bloated husks
  2 polar bears
  8 trolls
  2 hellwings (D:15)
  A shadow dragon simulacrum (Depths:2)
  7 tyrant leeches
  25 blink frogs
  Prince Ribbit (D:9)
  17 hornets
  16 dream sheep
  A frost giant simulacrum (Depths:2)
  2 fire giant simulacra (Depths:2)
  2 air elementals (Elf:1)
  A spriggan skeleton (Depths:1)
  A vampire (D:13)
  A ynoxinul (Zot:2)
  3 shadows
  3 small abominations
  10 wyverns
  18 fire elementals
  17 spriggans
  4 basilisks
  71 yaks
  4 wargs
  2 wraiths
  A hog (D:9)
  7 water elementals
  A redback (shapeshifter) (D:15)
  2 redbacks (Vaults:2)
  21 vampire mosquitoes
  3 chaos spawn
  5 acid dragons
  39 nagas
  13 swamp worms
  6 hell hounds
  26 water moccasins
  A glowing shapeshifter skeleton (Depths:1)
  8 swamp drakes
  26 orc warriors
  Pargi (Sewer)
  A spriggan simulacrum (Depths:2)
  A sky beast (D:7)
  9 centaurs
  An ice beast (D:6)
  2 laughing skulls (D:11)
  16 ogres
  A crocodile (D:12)
  16 wolves
  5 black bears (D:9)
  4 phantoms
  8 kobold brigands
  2 elf zombies (Elf:1)
  A brain worm (Sewer)
  21 bullfrogs
  A necrophage (Swamp:1)
  4 earth elementals
  A glowing shapeshifter simulacrum (Depths:2)
  A human simulacrum (Depths:2)
  A gnoll sergeant (D:9)
  A scorpion (D:7)
  A hornet simulacrum (D:15)
  10 wights
  12 killer bees
  A killer bee (shapeshifter) (Elf:2)
  The ghost of qwertyuiopasd the Insei, a weakling GnSh (D:3)
  A bombardier beetle (D:5)
  7 electric eels
  7 howler monkeys
  A hound (D:6)
  Crazy Yiuf (D:3)
  13 orc priests
  2 gnoll boudas (D:9)
  A jelly (Vaults:4)
  Jessica (D:3)
  An iguana (D:8)
  20 orc wizards
  Robin (D:3)
  5 adders
  8 gnolls
  2 shadow imps (D:6)
  3 white imps
  2 ribbon worms
  5 dart slugs
  48 orcs
  3 bats (D:2)
  An endoplasm (D:2)
  11 giant cockroaches
  13 goblins
  6 hobgoblins
  13 jackals
  4 quokkas
  3 ball pythons
  6 frilled lizards
  27 kobolds
  4 rats (D:1)
1875 creatures vanquished.

Vanquished Creatures (collateral kills)
  A spark wasp simulacrum (Depths:3)
  A naga (Snake:1)
2 creatures vanquished.

Vanquished Creatures (others)
  9 azure jellies
  A lich (Depths:1)
  An acid blob (Elf:3)
  A walking frostbound tome (Depths:2)
  A deep elf master archer (Elf:3)
  A fire giant (Depths:2)
  A vault warden (Vaults:4)
  5 deep elf death magi (Elf:3)
  2 deep elf demonologists (Elf:3)
  A red draconian (Depths:4)
  A fire dragon (Depths:2)
  4 great orbs of eyes
  A deep elf knight (Elf:2)
  A fire crab (shapeshifter) (Vaults:1)
  2 sea snakes (shapeshifter)
  3 arcanists
  4 glowing orange brains
  A deep troll (shapeshifter) (Depths:4)
  An ironbound convoker (Vaults:3)
  A deep elf pyromancer (Elf:3)
  A meliai (shapeshifter) (Depths:2)
  2 vault sentinels
  3 yaktaurs
  2 bloated husks
  A glass eye (shapeshifter) (Depths:1)
  2 dream sheep (Lair:4)
  31 slime creatures
  A frost giant simulacrum (Depths:2)
  2 spriggans (shapeshifter)
  A yak (Lair:4)
  A chaos spawn (Zot:2)
  A swamp worm (Swamp:3)
  A water moccasin (Lair:5)
  2 ice beasts (D:7)
  A black bear (D:9)
  A centaur (D:15)
  A phantom (D:4)
  An elf zombie (Elf:1)
  A gnoll sergeant (D:9)
  3 bullfrogs
  A wight (D:6)
  A killer bee (D:7)
  2 howler monkeys (D:11)
  276 jellies
  2 orc priests
  Natasha (thrice) (D:3)
  An iguana (D:6)
  3 orc wizards
  6 gnolls
  4 adders
  A river rat (D:6)
  2 ufetubi (D:6)
  A dart slug (D:2)
  17 orcs
  2 ball pythons
  3 endoplasms
  4 kobolds
  4 quokkas
  3 rats
  14 foxfires
451 creatures vanquished.

Grand Total: 2328 creatures vanquished

Notes
Turn   | Place    | Note
-------+----------+-------------------------------------------
     0 | D:1      | Datul the Draconian Shapeshifter began the quest for the
                  | Orb.
     0 | D:1      | Reached XP level 1. HP: 16/16 MP: 1/1
   103 | D:1      | Reached XP level 2. HP: 24/24 MP: 2/2
   373 | D:1      | Reached XP level 3. HP: 30/30 MP: 3/3
   965 | D:2      | Found a faded altar of an unknown god.
   973 | D:2      | Prayed at the altar of an unknown god.
   973 | D:2      | Became a worshipper of Jiyva Jofyhocu the Shapeless
   973 | D:2      | Reached * piety under Jiyva
  1113 | D:2      | Reached XP level 4. HP: 38/38 MP: 4/4
  1357 | D:3      | Noticed Jessica
  1420 | D:3      | Reached ** piety under Jiyva
  1433 | D:3      | Found a runed translucent door.
  1434 | D:3      | Noticed Crazy Yiuf
  1448 | D:3      | Killed Natasha
  1453 | D:3      | Killed Jessica
  1499 | D:3      | Noticed Robin
  1514 | D:3      | Killed Natasha
  1520 | D:3      | Killed Robin
  1540 | D:3      | Reached XP level 5. HP: 46/46 MP: 5/5
  1548 | D:3      | Killed Natasha
  1555 | D:3      | Found Onnion's Armour Boutique.
  1577 | D:3      | Found a runed translucent gate.
  1577 | D:3      | Found a runed translucent gate.
  1577 | D:3      | Found a runed translucent gate.
  1579 | D:3      | Noticed qwertyuiopasd's ghost (weakling GnSh)
  1663 | D:3      | Found an ornate altar of the Wu Jian Council.
  1960 | D:4      | Identified the +7 mace "Beastslayer" {antimagic, rC- rN++
                  | Int+4 Stlth+}
  1981 | D:4      | Killed a phantom
  2016 | D:4      | Noticed an ogre
  2040 | D:4      | Killed an ogre
  2041 | D:4      | Reached skill level 5 in Unarmed Combat
  2089 | D:4      | Reached XP level 6. HP: 32/53 MP: 6/6
  2179 | D:4      | Reached *** piety under Jiyva
  2293 | D:5      | Entered Level 5 of the Dungeon
  2397 | D:5      | Found a white marble altar of Elyvilon.
  2460 | D:5      | Found a sacrificial altar of Ru.
  2468 | D:5      | Gained mutation: You are covered in slimy tendrils that may
                  | disarm your opponents. [Jiyva's grace]
  2468 | D:5      | Gained mutation: Your tail ends in a venomous barb.
                  | [Jiyva's grace]
  2468 | D:5      | Gained mutation: Your tail ends in a sharp venomous barb.
                  | [Jiyva's grace]
  2468 | D:5      | Gained mutation: Your tail ends in a wickedly sharp and
                  | venomous barb. [Jiyva's grace]
  2559 | D:5      | Reached skill level 5 in Fighting
  2712 | D:5      | Found a staircase to the Ecumenical Temple.
  2721 | Temple   | Entered the Ecumenical Temple
  2732 | D:5      | Found a shadowy altar of Dithmenos.
  2915 | D:5      | Noticed Edmund
  2916 | D:5      | Edmund changed into Edmund the howler monkey
  2916 | D:5      | Noticed Edmund
  2924 | D:5      | Killed Edmund the howler monkey
  3061 | D:6      | Reached skill level 4 in Shapeshifting
  3064 | D:6      | Your scales start taking on a rich purple colour.
  3064 | D:6      | Reached XP level 7. HP: 61/61 MP: 7/7
  3203 | D:6      | Reached **** piety under Jiyva
  3324 | D:6      | Found a blossoming altar of Fedhas.
  3395 | D:6      | Reached skill level 5 in Shapeshifting
  3395 | D:6      | Reached XP level 8. HP: 47/71 MP: 6/8
  3579 | D:6      | Found a glowing drain.
  3585 | Sewer    | Entered a sewer
  3669 | Sewer    | Noticed Pargi
  3673 | Sewer    | Killed Pargi
  3905 | D:6      | Reached ***** piety under Jiyva
  4299 | D:7      | Lost mutation: Your tail ends in a wickedly sharp and
                  | venomous barb. [Jiyva's grace]
  4299 | D:7      | Gained mutation: Your flesh is heat resistant. (rF+)
                  | [Jiyva's grace]
  4299 | D:7      | Gained mutation: Your flesh is very heat resistant. (rF++)
                  | [Jiyva's grace]
  4299 | D:7      | Gained mutation: Your flesh is almost immune to the effects
                  | of heat. (rF+++) [Jiyva's grace]
  4299 | D:7      | Gained mutation: Your melee attacks may engulf your foes in
                  | ooze. [Jiyva's grace]
  4682 | D:7      | Reached skill level 6 in Shapeshifting
  5375 | D:8      | Reached XP level 9. HP: 81/81 MP: 7/9
  5480 | D:8      | Noticed Maurice
  5484 | D:8      | Killed Maurice
  5485 | D:8      | Reached skill level 7 in Shapeshifting
  5593 | D:8      | Found a staircase to the Lair.
  5594 | D:8      | Noticed a komodo dragon
  5614 | D:8      | Killed a komodo dragon
  6174 | D:9      | Lost mutation: Your flesh is almost immune to the effects
                  | of heat. (rF+++) [Jiyva's grace]
  6174 | D:9      | Lost mutation: Your melee attacks may engulf your foes in
                  | ooze. [Jiyva's grace]
  6174 | D:9      | Gained mutation: Your body has grown eyes which may confuse
                  | attackers. (Acc +3) [Jiyva's grace]
  6174 | D:9      | Gained mutation: Your body has grown many eyes which may
                  | confuse attackers. (Acc +5) [Jiyva's grace]
  6174 | D:9      | Gained mutation: Your body is covered in eyes which may
                  | confuse attackers. (Acc +7, SInv) [Jiyva's grace]
  6174 | D:9      | Gained mutation: You are agile. (Dex +4, Str/Int -1)
                  | [Jiyva's grace]
  6203 | D:9      | Reached XP level 10. HP: 61/91 MP: 10/10
  6247 | D:9      | Reached skill level 8 in Shapeshifting
  6262 | D:9      | Reached skill level 10 in Fighting
  6521 | D:9      | Noticed Prince Ribbit
  6524 | D:9      | Killed Prince Ribbit
  6580 | D:9      | Reached skill level 10 in Unarmed Combat
  6771 | D:9      | Found a sparkling altar of Nemelex Xobeh.
  6851 | D:9      | Noticed a manticore
  6878 | D:9      | Killed a manticore
  7053 | D:9      | Reached skill level 9 in Shapeshifting
  7188 | D:9      | Noticed a two-headed ogre
  7193 | D:9      | Reached XP level 11. HP: 97/102 MP: 8/11
  7193 | D:9      | Killed a two-headed ogre
  7200 | D:9      | Noticed a two-headed ogre
  7207 | D:9      | Killed a two-headed ogre
  7767 | Lair:1   | Entered Level 1 of the Lair of Beasts
  7888 | D:10     | Entered Level 10 of the Dungeon
  7891 | D:10     | Found a staircase to the Orcish Mines.
  8043 | D:10     | Noticed Joseph
  8153 | D:10     | Killed Joseph
  8154 | D:10     | Reached skill level 10 in Shapeshifting
  8237 | D:10     | Reached skill level 1 in Shields
  8283 | D:10     | Noticed Lodul
  8290 | D:10     | Killed Lodul
  8513 | D:10     | Identified the +1 long sword of Imau {venom, *Noise rF+
                  | Str+2}
  8636 | D:11     | Noticed Psyche
  8636 | D:11     | Noticed a two-headed ogre
  8747 | Lair:1   | Reached skill level 5 in Shields
  8805 | Lair:1   | Reached XP level 12. HP: 70/112 MP: 12/12
  8982 | Lair:1   | Found a burning altar of Makhleb.
  9166 | Lair:1   | Identified the +0 rapier of the Shouting Butterfly {flame,
                  | Dex+2 Stlth+}
  9537 | Lair:1   | Noticed Fannar
  9632 | Lair:2   | Lost mutation: Your tail ends in a sharp venomous barb.
                  | [Jiyva's grace]
  9632 | Lair:2   | Lost mutation: Your flesh is very heat resistant. (rF++)
                  | [Jiyva's grace]
  9632 | Lair:2   | Lost mutation: Your body is covered in eyes which may
                  | confuse attackers. (Acc +7, SInv) [Jiyva's grace]
  9632 | Lair:2   | Gained mutation: Your mind is acute. (Int +4, Str/Dex -1)
                  | [Jiyva's grace]
  9632 | Lair:2   | Gained mutation: Your mind is very acute. (Int +8, Str/Dex
                  | -2) [Jiyva's grace]
  9632 | Lair:2   | Gained mutation: You have large cloven feet. [Jiyva's
                  | grace]
  9632 | Lair:2   | Gained mutation: You have hoof-like feet. [Jiyva's grace]
  9645 | Lair:2   | Reached skill level 10 in Shields
  9849 | Lair:2   | Noticed a seven-headed hydra
  9854 | Lair:2   | Killed a seven-headed hydra
  9915 | Lair:2   | Noticed a death yak
  9915 | Lair:2   | Noticed a seven-headed hydra
  9915 | Lair:2   | Noticed a four-headed hydra
  9922 | Lair:2   | Killed a seven-headed hydra
  9923 | Lair:2   | Killed a four-headed hydra
  9945 | Lair:2   | Killed a death yak
 10633 | Lair:3   | Reached XP level 13. HP: 114/118 MP: 13/13
 10701 | Lair:3   | Found a staircase to the Snake Pit.
 10858 | Lair:3   | Lost mutation: You have hoof-like feet. [Jiyva's grace]
 10858 | Lair:3   | Lost mutation: Your mind is very acute. (Int +8, Str/Dex
                  | -2) [Jiyva's grace]
 10858 | Lair:3   | Lost mutation: Your body has grown many eyes which may
                  | confuse attackers. (Acc +5) [Jiyva's grace]
 10858 | Lair:3   | Gained mutation: Your rubbery body absorbs attacks. (AC +1,
                  | EV +1) [Jiyva's grace]
 10858 | Lair:3   | Gained mutation: Your pliable body absorbs attacks. (AC +2,
                  | EV +2) [Jiyva's grace]
 10858 | Lair:3   | Gained mutation: Your gelatinous body deflects attacks. (AC
                  | +3, EV +3) [Jiyva's grace]
 10858 | Lair:3   | Gained mutation: Your flesh is very heat resistant. (rF++)
                  | [Jiyva's grace]
 11104 | Lair:3   | Found a staircase to the Swamp.
 11506 | Lair:4   | Reached skill level 11 in Shapeshifting
 11855 | Lair:4   | Found a staircase to the Slime Pits.
 11912 | Lair:4   | Found a viscous altar of Jiyva.
 12172 | Lair:5   | Entered Level 5 of the Lair of Beasts
 12370 | Lair:4   | Reached skill level 12 in Shapeshifting
 12372 | Lair:4   | Reached XP level 14. HP: 73/126 MP: 14/14
 12959 | Lair:5   | Lost mutation: You have large cloven feet. [Jiyva's grace]
 12959 | Lair:5   | Lost mutation: Your tail ends in a venomous barb. [Jiyva's
                  | grace]
 12959 | Lair:5   | Lost mutation: Your mind is acute. (Int +4, Str/Dex -1)
                  | [Jiyva's grace]
 12959 | Lair:5   | Lost mutation: Your gelatinous body deflects attacks. (AC
                  | +3, EV +3) [Jiyva's grace]
 12959 | Lair:5   | Lost mutation: Your pliable body absorbs attacks. (AC +2,
                  | EV +2) [Jiyva's grace]
 12959 | Lair:5   | Lost mutation: You are covered in slimy tendrils that may
                  | disarm your opponents. [Jiyva's grace]
 12959 | Lair:5   | Gained mutation: You have an increased reservoir of magic.
                  | (+10% MP) [Jiyva's grace]
 12959 | Lair:5   | Gained mutation: You have a considerably increased
                  | reservoir of magic. (+20% MP) [Jiyva's grace]
 12959 | Lair:5   | Gained mutation: You have a greatly increased reservoir of
                  | magic. (+30% MP) [Jiyva's grace]
 12959 | Lair:5   | Gained mutation: Your tail ends in a venomous barb.
                  | [Jiyva's grace]
 13158 | Lair:5   | Found a burning altar of Makhleb.
 13440 | Lair:5   | Found a gateway to Hell.
 14004 | D:10     | Reached skill level 13 in Shapeshifting
 14142 | D:11     | Found Sicsoq's Jewellery Emporium.
 14154 | D:11     | Bought a serpent talisman for 450 gold pieces
 14154 | D:11     | Bought an amulet of reflection for 450 gold pieces
 14284 | D:11     | Killed Psyche
 14331 | D:11     | Found Zyjuzxem's Antique Armour Shoppe.
 14660 | D:11     | Identified the +2 quarterstaff of the Eternal Warrior
                  | {freeze, Int+7 Dex-5}
 14750 | D:11     | Found Sauf's General Store.
 14759 | D:11     | Bought a scroll of identify for 28 gold pieces
 14759 | D:11     | Bought a scroll of identify for 28 gold pieces
 15071 | D:11     | Found Veituclo's Jewellery Boutique.
 15139 | Orc:1    | Entered Level 1 of the Orcish Mines
 15274 | Orc:2    | Entered Level 2 of the Orcish Mines
 15374 | Orc:2    | Shadowmage952: Blastminer, eh?
 15501 | Orc:2    | Reached skill level 15 in Unarmed Combat
 15520 | Orc:2    | Datul: something new, and they hurt
 15921 | Orc:1    | Lost mutation: Your flesh is very heat resistant. (rF++)
                  | [Jiyva's grace]
 15921 | Orc:1    | Lost mutation: You have a greatly increased reservoir of
                  | magic. (+30% MP) [Jiyva's grace]
 15921 | Orc:1    | Lost mutation: Your rubbery body absorbs attacks. (AC +1,
                  | EV +1) [Jiyva's grace]
 15921 | Orc:1    | Gained mutation: Your translucent skin slightly reduces
                  | your foes' accuracy. (Stealth+) [Jiyva's grace]
 15921 | Orc:1    | Gained mutation: Your translucent skin reduces your foes'
                  | accuracy. (Stealth+) [Jiyva's grace]
 15921 | Orc:1    | Gained mutation: Your transparent skin significantly
                  | reduces your foes' accuracy. (Stealth+) [Jiyva's grace]
 15921 | Orc:1    | Gained mutation: You are somewhat resistant to further
                  | mutation. [Jiyva's grace]
 16181 | Orc:2    | Found Ziujuoci's Book Emporium.
 16228 | Orc:2    | Found a staircase to the Elven Halls.
 16235 | Orc:2    | Found Nudeoh's Antique Armour Emporium.
 16331 | Orc:2    | Bought a faintly humming scarf for 340 gold pieces
 16331 | Orc:2    | Identified the scarf of Xesasaan {rC+ rF+, rElec rCorr}
                  | (You bought it in a shop on level 2 of the Orcish Mines)
 16342 | Orc:2    | Found Paiwovo's Antique Weapon Shoppe.
 16366 | Orc:2    | Noticed an orc warlord
 16396 | Orc:2    | Found Uddaujie's General Store.
 16446 | Orc:2    | Slimified an orc warlord
 16446 | Orc:2    | an orc warlord changed into an acid blob
 16446 | Orc:2    | Noticed an acid blob
 16780 | D:12     | Noticed Gastronok
 16819 | D:12     | Killed Gastronok
 16820 | D:12     | Reached skill level 14 in Shapeshifting
 16820 | D:12     | Reached XP level 15. HP: 91/134 MP: 18/18
 17020 | D:12     | Noticed Frances
 17033 | D:12     | Killed Frances
 17165 | D:12     | Noticed Sonja
 17166 | D:12     | Sonja changed into Sonja the crocodile
 17166 | D:12     | Noticed Sonja
 17181 | D:12     | Killed Sonja the crocodile
 17946 | D:13     | Found a gate to the Vaults.
 18005 | D:13     | Lost mutation: Your body has grown eyes which may confuse
                  | attackers. (Acc +3) [Jiyva's grace]
 18005 | D:13     | Lost mutation: Your transparent skin significantly reduces
                  | your foes' accuracy. (Stealth+) [Jiyva's grace]
 18005 | D:13     | Lost mutation: Your translucent skin reduces your foes'
                  | accuracy. (Stealth+) [Jiyva's grace]
 18005 | D:13     | Gained mutation: You have a pair of small horns on your
                  | head. [Jiyva's grace]
 18005 | D:13     | Gained mutation: You have a pair of horns on your head.
                  | [Jiyva's grace]
 18005 | D:13     | Gained mutation: You have a pair of large horns on your
                  | head. [Jiyva's grace]
 18005 | D:13     | Gained mutation: Your flesh is cold resistant. (rC+)
                  | [Jiyva's grace]
 18226 | D:14     | Found a gate leading to a gauntlet.
 18235 | Gauntlet | Entered a Gauntlet
 18235 | Gauntlet | Found a transporter.
 18235 | Gauntlet | Found a transporter.
 18235 | Gauntlet | Found a transporter.
 18248 | Gauntlet | Found a transporter.
 18248 | Gauntlet | Found a transporter.
 18256 | Gauntlet | Found a transporter.
 18259 | Gauntlet | Found a transporter.
 18267 | Gauntlet | Found a transporter.
 18285 | Gauntlet | Found a transporter.
 18291 | Gauntlet | Found a transporter.
 18293 | Gauntlet | Found a transporter.
 18303 | Gauntlet | Found a transporter.
 18987 | D:14     | Found a hide-covered altar of Uskayaw.
 19021 | D:14     | Reached skill level 15 in Shapeshifting
 19257 | D:15     | Entered Level 15 of the Dungeon
 19332 | D:15     | Reached ****** piety under Jiyva
 19379 | D:15     | Lost mutation: You have a pair of large horns on your head.
                  | [Jiyva's grace]
 19379 | D:15     | Lost mutation: Your flesh is cold resistant. (rC+) [Jiyva's
                  | grace]
 19379 | D:15     | Lost mutation: Your flesh is heat resistant. (rF+) [Jiyva's
                  | grace]
 19379 | D:15     | Lost mutation: You have a considerably increased reservoir
                  | of magic. (+20% MP) [Jiyva's grace]
 19379 | D:15     | Gained mutation: You are covered in slimy tendrils that may
                  | disarm your opponents. [Jiyva's grace]
 19379 | D:15     | Gained mutation: You have acidic saliva. [Jiyva's grace]
 19379 | D:15     | Gained mutation: Your translucent skin reduces your foes'
                  | accuracy. (Stealth+) [Jiyva's grace]
 19379 | D:15     | Gained mutation: Your transparent skin significantly
                  | reduces your foes' accuracy. (Stealth+) [Jiyva's grace]
 19426 | D:15     | Found a staircase to the Depths.
 19988 | Slime:1  | Entered Level 1 of the Pits of Slime
 19991 | Slime:1  | Noticed an azure jelly
 20011 | Slime:2  | Noticed an acid blob
 20032 | Slime:2  | Noticed an azure jelly
 20035 | Slime:2  | Noticed an acid blob
 20049 | Slime:2  | Noticed an azure jelly
 20053 | Slime:2  | Noticed a rockslime
 20057 | Slime:3  | Noticed Dissolution
 20057 | Slime:3  | Noticed an azure jelly
 20076 | Slime:5  | Entered Level 5 of the Pits of Slime
 20088 | Slime:5  | Found a viscous altar of Jiyva.
 20089 | Slime:5  | Noticed an acid blob
 20089 | Slime:5  | Noticed an acid blob
 20089 | Slime:5  | Noticed a rockslime
 20089 | Slime:5  | Noticed an azure jelly
 20093 | Slime:5  | Noticed an azure jelly
 20094 | Slime:5  | Identified the amulet of Ciosulue {Spirit Str+4}
 20097 | Slime:5  | Noticed an acid blob
 20099 | Slime:5  | Noticed an azure jelly
 20099 | Slime:5  | Noticed a rockslime
 20099 | Slime:5  | Noticed an acid blob
 20101 | Slime:5  | Noticed the Royal Jelly
 20102 | Slime:5  | Noticed an acid blob
 20105 | Slime:5  | Got Tehem's Folio of Arson and Company
 20113 | Slime:5  | Got a slimy rune of Zot
 20122 | Slime:5  | Got Ywijip's Atlas of Transfiguration and Stolen Souls
 20123 | Slime:5  | Identified the +2 buckler of Hois {rCorr Dex+3}
 20127 | Slime:5  | Got the Atlas of the Telluric Evil Eye
 20144 | Slime:5  | Noticed an acid blob
 20300 | Slime:5  | Got a starry gem with 290 turns to spare
 20309 | Slime:5  | Identified the +1 robe "Ruxzoss" {-Tele Will+ Regen+ Int+3}
 20333 | Slime:4  | Noticed an azure jelly
 20385 | Slime:4  | Noticed a rockslime
 20386 | Slime:4  | Noticed an acid blob
 20415 | Slime:2  | Noticed a rockslime
 20416 | Slime:2  | Noticed a rockslime
 20648 | D:11     | Bought a ring of poison resistance for 340 gold pieces
 20822 | Snake:1  | Entered Level 1 of the Snake Pit
 20834 | Snake:1  | Reached skill level 15 in Fighting
 21260 | Snake:1  | Reached XP level 16. HP: 138/149 MP: 17/17
 21265 | Snake:1  | Found Sunugoen's Jewellery Shoppe.
 21269 | Snake:1  | Found Fomp's Weapon Emporium.
 21804 | Snake:1  | Reached skill level 16 in Shapeshifting
 21910 | Snake:2  | You fall into a shaft and drop 1 floor!
 21910 | Snake:3  | Identified the serpent talisman of Thoughtfulness {rC+
                  | Dex+2}
 21910 | Snake:3  | Noticed Aizul
 21928 | Snake:3  | Killed Aizul
 22524 | Snake:2  | Lost mutation: You are agile. (Dex +4, Str/Int -1) [Jiyva's
                  | grace]
 22524 | Snake:2  | Lost mutation: You have an increased reservoir of magic.
                  | (+10% MP) [Jiyva's grace]
 22524 | Snake:2  | Lost mutation: Your transparent skin significantly reduces
                  | your foes' accuracy. (Stealth+) [Jiyva's grace]
 22524 | Snake:2  | Lost mutation: You are covered in slimy tendrils that may
                  | disarm your opponents. [Jiyva's grace]
 22524 | Snake:2  | Gained mutation: Your body has grown eyes which may confuse
                  | attackers. (Acc +3) [Jiyva's grace]
 22524 | Snake:2  | Gained mutation: Your body has grown many eyes which may
                  | confuse attackers. (Acc +5) [Jiyva's grace]
 22524 | Snake:2  | Gained mutation: Your body is covered in eyes which may
                  | confuse attackers. (Acc +7, SInv) [Jiyva's grace]
 22524 | Snake:2  | Gained mutation: You have sharp toenails. [Jiyva's grace]
 23226 | Snake:3  | Noticed Vashnia
 23275 | Snake:3  | Killed Vashnia
 23276 | Snake:3  | Reached skill level 17 in Shapeshifting
 23607 | Snake:3  | Noticed Azrael
 23621 | Snake:3  | Killed Azrael
 23655 | Snake:3  | Found a runed translucent gate.
 23655 | Snake:3  | Noticed Icun's ghost (journeyman GnWr)
 23659 | Snake:3  | Found a runed translucent gate.
 23659 | Snake:3  | Found a runed translucent gate.
 23904 | Snake:3  | Reached XP level 17. HP: 122/156 MP: 17/17
 23958 | Snake:3  | Found Udorrar's General Store.
 23966 | Snake:3  | Bought a scroll of identify for 30 gold pieces
 23966 | Snake:3  | Bought a scroll of identify for 30 gold pieces
 23966 | Snake:3  | Bought a scroll of immolation for 60 gold pieces
 24009 | Snake:4  | Entered Level 4 of the Snake Pit
 24128 | Snake:4  | Noticed Roxanne
 25266 | Snake:4  | Noticed Saint Roka
 25273 | Snake:4  | Reached skill level 18 in Shapeshifting
 25408 | Snake:4  | Killed Saint Roka
 25427 | Snake:4  | Lost mutation: You have a pair of horns on your head.
                  | [Jiyva's grace]
 25427 | Snake:4  | Lost mutation: Your tail ends in a venomous barb. [Jiyva's
                  | grace]
 25427 | Snake:4  | Gained mutation: Your tail ends in a venomous barb.
                  | [Jiyva's grace]
 25427 | Snake:4  | Gained mutation: Your tail ends in a sharp venomous barb.
                  | [Jiyva's grace]
 25427 | Snake:4  | Gained mutation: Your tail ends in a wickedly sharp and
                  | venomous barb. [Jiyva's grace]
 25427 | Snake:4  | Gained mutation: You are strong-willed. (Will+) [Jiyva's
                  | grace]
 26048 | Snake:4  | Got a serpentine rune of Zot
 26171 | Lair:3   | Upgraded the game from 0.31.0-7-gf635a9b802 to
                  | 0.31.0-9-g3a7656b989
 26519 | Lair:1   | Killed Fannar
 26520 | Lair:1   | Reached skill level 19 in Shapeshifting
 27000 | Swamp:1  | Entered Level 1 of the Swamp
 27172 | Swamp:1  | Found a transporter.
 27328 | Swamp:1  | Found a one-way gate to the infinite horrors of the Abyss.
 27328 | Swamp:1  | Noticed Matygoc's ghost (adept HaSk)
 27329 | Swamp:1  | Found a transporter.
 27329 | Swamp:1  | Noticed a hellephant
 27889 | Swamp:2  | Reached XP level 18. HP: 166/166 MP: 18/18
 28237 | Swamp:2  | Found a runed translucent gate.
 28238 | Swamp:2  | Found a runed translucent gate.
 28239 | Swamp:2  | Found a runed translucent gate.
 28240 | Swamp:2  | Lost mutation: Your tail ends in a wickedly sharp and
                  | venomous barb. [Jiyva's grace]
 28240 | Swamp:2  | Lost mutation: Your tail ends in a sharp venomous barb.
                  | [Jiyva's grace]
 28240 | Swamp:2  | Lost mutation: Your body is covered in eyes which may
                  | confuse attackers. (Acc +7, SInv) [Jiyva's grace]
 28240 | Swamp:2  | Gained mutation: Your melee attacks may engulf your foes in
                  | ooze. [Jiyva's grace]
 28240 | Swamp:2  | Gained mutation: Your large and strong wings let you fly.
                  | [Jiyva's grace]
 28240 | Swamp:2  | Lost mutation: You are somewhat resistant to further
                  | mutation. [Jiyva's grace]
 28240 | Swamp:2  | Gained mutation: You have hidden genetic potential.
                  | [Jiyva's grace]
 28240 | Swamp:2  | Gained mutation: You have great hidden genetic potential.
                  | [Jiyva's grace]
 28245 | Swamp:2  | Noticed Rem's ghost (adept NaFi)
 28245 | Swamp:2  | Noticed pigah's ghost (adept OpSh)
 28245 | Swamp:2  | Noticed Zenkrye's ghost (adept HOFi)
 28655 | Swamp:3  | Reached skill level 5 in Dodging
 28843 | Swamp:4  | Entered Level 4 of the Swamp
 29542 | Swamp:4  | Found a glowing golden altar of the Shining One.
 29877 | Swamp:4  | Noticed the 27-headed Lernaean hydra
 29918 | Swamp:4  | Killed the 27-headed Lernaean hydra
 30067 | Swamp:4  | Reached skill level 20 in Shapeshifting
 30284 | Swamp:4  | Got a decaying rune of Zot
 30552 | D:3      | Killed qwertyuiopasd's ghost
 30612 | D:3      | Killed Crazy Yiuf
 30797 | Elf:1    | Entered Level 1 of the Elven Halls
 30797 | Elf:1    | Found a runed translucent gate.
 30797 | Elf:1    | Found a runed translucent gate.
 30797 | Elf:1    | Found a runed translucent gate.
 30797 | Elf:1    | Found a runed translucent gate.
 30797 | Elf:1    | Found a runed translucent gate.
 30797 | Elf:1    | Found a runed translucent gate.
 30798 | Elf:1    | Found a runed translucent door.
 30820 | Elf:1    | Found a runed translucent door.
 30949 | Elf:1    | Noticed Jorgrun
 30956 | Elf:1    | Killed Jorgrun
 31160 | Elf:1    | Found Bokhlau's Magic Scroll Shoppe.
 31174 | Elf:1    | Lost mutation: You have a pair of small horns on your head.
                  | [Jiyva's grace]
 31174 | Elf:1    | Lost mutation: Your tail ends in a venomous barb. [Jiyva's
                  | grace]
 31174 | Elf:1    | Lost mutation: You have sharp toenails. [Jiyva's grace]
 31174 | Elf:1    | Lost mutation: You have great hidden genetic potential.
                  | [Jiyva's grace]
 31174 | Elf:1    | Gained mutation: You have sharp fingernails. [Jiyva's
                  | grace]
 31174 | Elf:1    | Gained mutation: You have very sharp fingernails. [Jiyva's
                  | grace]
 31174 | Elf:1    | Gained mutation: You have claws for hands. [Jiyva's grace]
 31174 | Elf:1    | Gained mutation: Armour fits poorly on your pseudopods.
                  | [Jiyva's grace]
 31210 | Elf:1    | Got the Spellbook of Ectoplasm
 31361 | Elf:1    | Paralysed by an air elemental for 1 turns
 31364 | Elf:1    | Paralysed by an air elemental for 1 turns
 31532 | Elf:1    | Paralysed by an air elemental for 1 turns
 31696 | Elf:1    | Reached XP level 19. HP: 172/172 MP: 19/19
 31951 | Elf:2    | Found Abeydyrolick's Distillery.
 32118 | Elf:2    | Gained mutation: Your spells are a little harder to cast,
                  | but a little more powerful. [hidden potential]
 32502 | Elf:2    | Found a huge runed translucent gate.
 32502 | Elf:2    | Found a huge runed translucent gate.
 32502 | Elf:2    | Found a huge runed translucent gate.
 32502 | Elf:2    | Found a huge runed translucent gate.
 32503 | Elf:2    | Found a huge runed translucent gate.
 32576 | Elf:3    | Entered Level 3 of the Elven Halls
 32616 | Elf:2    | Found an ancient bone altar of Kikubaaqudgha.
 33673 | Elf:3    | Identified the +4 kite shield of the Camelopard {rPois rN+
                  | Will+++ Int-4}
 33686 | Elf:3    | Identified the +5 quick blade of Deformation {heavy, Will+
                  | Str+3 Int-4 SInv}
 33696 | Elf:3    | Identified the amulet "Ginukeyk" {Spirit Slay+5}
 33699 | Elf:3    | Identified the +9 lajatang "Sihics" {flame, rF+ Will+}
 33776 | Elf:3    | Identified the staff of Prudence {^Contam rPois rF+ rC+
                  | Dex+7 Fire}
 33801 | Elf:3    | Noticed a Brimstone Fiend
 33801 | Elf:3    | Identified the +6 great sword "Pomeos" {drain, Str+3 Int+2}
 33973 | Elf:3    | Got the Folio of the Squall and Curses
 33989 | Elf:3    | Identified the staff "Omaefez" {rF+ rC+ rCorr Int-3 Tloc
                  | Fire}
 34022 | Elf:3    | Identified the +1 spear of Juymia {protect, rF+ SInv
                  | Stlth+}
 34304 | Vaults:1 | Entered Level 1 of the Vaults
 34552 | Vaults:1 | Lost mutation: Your large and strong wings let you fly.
                  | [Jiyva's grace]
 34552 | Vaults:1 | Lost mutation: You are strong-willed. (Will+) [Jiyva's
                  | grace]
 34552 | Vaults:1 | Lost mutation: Your body has grown many eyes which may
                  | confuse attackers. (Acc +5) [Jiyva's grace]
 34552 | Vaults:1 | Lost mutation: Armour fits poorly on your pseudopods.
                  | [Jiyva's grace]
 34552 | Vaults:1 | Lost mutation: Your melee attacks may engulf your foes in
                  | ooze. [Jiyva's grace]
 34552 | Vaults:1 | Gained mutation: Your flesh is cold resistant. (rC+)
                  | [Jiyva's grace]
 34552 | Vaults:1 | Gained mutation: Your flesh is very cold resistant. (rC++)
                  | [Jiyva's grace]
 34552 | Vaults:1 | Gained mutation: Your flesh is almost immune to the effects
                  | of cold. (rC+++) [Jiyva's grace]
 34552 | Vaults:1 | Gained mutation: You are covered in slimy tendrils that may
                  | disarm your opponents. [Jiyva's grace]
 34600 | Vaults:1 | Found Zejuthof's Antique Armour Emporium.
 34945 | Vaults:1 | Reached XP level 20. HP: 192/193 MP: 20/20
 35485 | Vaults:1 | Gained mutation: You are strong-willed. (Will+) [hidden
                  | potential]
 35485 | Vaults:1 | Lost mutation: You have hidden genetic potential. [hidden
                  | potential expressed]
 35696 | Vaults:2 | Found a staircase to the Crypt.
 35746 | Vaults:2 | Lost mutation: Your spells are a little harder to cast, but
                  | a little more powerful. [Jiyva's grace]
 35746 | Vaults:2 | Lost mutation: You are covered in slimy tendrils that may
                  | disarm your opponents. [Jiyva's grace]
 35746 | Vaults:2 | Gained mutation: You are highly strong-willed. (Will++)
                  | [Jiyva's grace]
 35746 | Vaults:2 | Gained mutation: You are extremely strong-willed. (Will+++)
                  | [Jiyva's grace]
 35746 | Vaults:2 | Gained mutation: Your body has grown many eyes which may
                  | confuse attackers. (Acc +5) [Jiyva's grace]
 35746 | Vaults:2 | Gained mutation: Your body is covered in eyes which may
                  | confuse attackers. (Acc +7, SInv) [Jiyva's grace]
 35821 | Vaults:2 | Reached skill level 10 in Dodging
 36202 | Vaults:2 | Reached skill level 1 in Evocations
 36880 | Vaults:3 | Reached skill level 5 in Evocations
 37603 | Vaults:3 | Reached skill level 10 in Evocations
 37667 | Vaults:3 | Lost mutation: You have claws for hands. [Jiyva's grace]
 37667 | Vaults:3 | Lost mutation: You have very sharp fingernails. [Jiyva's
                  | grace]
 37667 | Vaults:3 | Lost mutation: Your flesh is almost immune to the effects
                  | of cold. (rC+++) [Jiyva's grace]
 37667 | Vaults:3 | Lost mutation: You are extremely strong-willed. (Will+++)
                  | [Jiyva's grace]
 37667 | Vaults:3 | Lost mutation: Your body is covered in eyes which may
                  | confuse attackers. (Acc +7, SInv) [Jiyva's grace]
 37667 | Vaults:3 | Lost mutation: Your body has grown many eyes which may
                  | confuse attackers. (Acc +5) [Jiyva's grace]
 37667 | Vaults:3 | Lost mutation: Your translucent skin reduces your foes'
                  | accuracy. (Stealth+) [Jiyva's grace]
 37667 | Vaults:3 | Gained mutation: Your translucent skin reduces your foes'
                  | accuracy. (Stealth+) [Jiyva's grace]
 37667 | Vaults:3 | Gained mutation: Your transparent skin significantly
                  | reduces your foes' accuracy. (Stealth+) [Jiyva's grace]
 37667 | Vaults:3 | Gained mutation: You have a small jelly attached to you
                  | that may absorb projectiles. [Jiyva's grace]
 37667 | Vaults:3 | Gained mutation: Armour fits poorly on your pseudopods.
                  | [Jiyva's grace]
 37869 | Vaults:3 | Reached XP level 21. HP: 207/207 MP: 21/21
 38121 | Vaults:4 | Identified the +6 dagger "Ibodahosch" {protect, Will+}
 38318 | Vaults:4 | Found Myrimul's Distillery.
 38326 | Vaults:4 | Bought a potion of haste for 150 gold pieces
 38428 | Vaults:4 | Identified the +4 great mace of Ashenzari's Wrath {flame,
                  | Str+2 Int+4 Stlth+}
 38697 | Vaults:4 | Found a transporter.
 38697 | Vaults:4 | Noticed Anosyof's ghost (adept CeHu)
 39173 | D:15     | Upgraded the game from 0.31.0-9-g3a7656b989 to
                  | 0.31.0-10-gcf4a605ca0
 39174 | Depths:1 | Entered Level 1 of the Depths
 39656 | Depths:1 | Found a runed translucent door.
 39685 | Depths:1 | Found a runed translucent door.
 39685 | Depths:1 | Found a runed translucent door.
 39686 | Depths:1 | Identified the ring of the Lizard {Fly rN+ Dex+2}
 39693 | Depths:1 | Identified the ring "Cokkituc" {^Contam rElec rPois rCorr
                  | SInv}
 39694 | Depths:1 | Identified the ring "Emaesuo" {^Drain rPois rN+ Int+5
                  | Stlth+}
 39803 | Depths:1 | Identified the amulet "Bicyil" {rF+ Will+ Regen+ Stlth+}
 39923 | Depths:1 | Found a transporter.
 39924 | Depths:1 | Found a transporter.
 39939 | Depths:1 | Lost mutation: You have sharp fingernails. [Jiyva's grace]
 39939 | Depths:1 | Lost mutation: You are highly strong-willed. (Will++)
                  | [Jiyva's grace]
 39939 | Depths:1 | Lost mutation: You have a small jelly attached to you that
                  | may absorb projectiles. [Jiyva's grace]
 39939 | Depths:1 | Gained mutation: Your rubbery body absorbs attacks. (AC +1,
                  | EV +1) [Jiyva's grace]
 39939 | Depths:1 | Gained mutation: Your pliable body absorbs attacks. (AC +2,
                  | EV +2) [Jiyva's grace]
 39939 | Depths:1 | Gained mutation: Your gelatinous body deflects attacks. (AC
                  | +3, EV +3) [Jiyva's grace]
 39939 | Depths:1 | Gained mutation: Your tail ends in a venomous barb.
                  | [Jiyva's grace]
 40000 | Depths:1 | Found a one-way gateway to a ziggurat.
 40030 | Depths:1 | Found a transporter.
 40034 | Depths:1 | Found a transporter.
 40228 | Depths:1 | Found a transporter.
 40232 | Depths:1 | Found a transporter.
 40595 | Depths:2 | Noticed a juggernaut
 40608 | Depths:2 | Killed a juggernaut
 40760 | Depths:2 | Noticed a juggernaut
 40772 | Depths:2 | Killed a juggernaut
 40773 | Depths:2 | Reached XP level 22. HP: 222/222 MP: 22/22
 40799 | Depths:2 | Noticed a juggernaut
 40819 | Depths:2 | Killed a juggernaut
 40820 | Depths:2 | Reached skill level 21 in Shapeshifting
 40860 | Depths:2 | Noticed a golden dragon
 40885 | Depths:2 | Killed a golden dragon
 41143 | Depths:2 | Noticed a golden dragon
 41154 | Depths:2 | Killed a golden dragon
 41479 | Depths:2 | Noticed Boris
 41491 | Depths:2 | Killed Boris
 41671 | Depths:2 | Noticed a golden dragon
 41684 | Depths:2 | Killed a golden dragon
 41704 | Depths:2 | Got the Catalogue of Tephra and the Crevasse
 41729 | Depths:2 | Noticed a shard shrike
 41811 | Depths:2 | Slimified a shard shrike
 41811 | Depths:2 | a shard shrike changed into an acid blob
 41927 | Depths:2 | Found Juumo's Book Shoppe.
 41928 | Depths:2 | Found a one-way gate leading to the halls of Pandemonium.
 41931 | Depths:2 | Bought a book of Spatial Translocations for 342 gold pieces
 41934 | Depths:2 | Learned a level 2 spell: Blink
 41937 | Depths:2 | Noticed a juggernaut
 41954 | Depths:2 | Killed a juggernaut
 41955 | Depths:2 | Reached skill level 1 in Spellcasting
 41955 | Depths:2 | Reached skill level 1 in Translocations
 42491 | Depths:3 | Identified a scroll of acquirement
 42499 | Depths:3 | Acquired a manual of Spellcasting
 42555 | Depths:3 | Identified the +0 plate armour of Vexation {^Contam rPois
                  | Int+2}
 42640 | Depths:3 | Reached skill level 5 in Spellcasting
 42708 | Depths:3 | Lost mutation: Your tail ends in a venomous barb. [Jiyva's
                  | grace]
 42708 | Depths:3 | Lost mutation: Your flesh is very cold resistant. (rC++)
                  | [Jiyva's grace]
 42708 | Depths:3 | Lost mutation: Your gelatinous body deflects attacks. (AC
                  | +3, EV +3) [Jiyva's grace]
 42708 | Depths:3 | Lost mutation: Your pliable body absorbs attacks. (AC +2,
                  | EV +2) [Jiyva's grace]
 42708 | Depths:3 | Gained mutation: You are covered in slimy tendrils that may
                  | disarm your opponents. [Jiyva's grace]
 42708 | Depths:3 | Gained mutation: You are agile. (Dex +4, Str/Int -1)
                  | [Jiyva's grace]
 42708 | Depths:3 | Gained mutation: You are very agile. (Dex +8, Str/Int -2)
                  | [Jiyva's grace]
 42708 | Depths:3 | Gained mutation: You have sharp fingernails. [Jiyva's
                  | grace]
 42715 | Depths:3 | Found a bloodstained altar of Trog.
 42864 | Depths:3 | Identified the +4 broad axe "Untem" {freeze, rC+ Dex+2
                  | SInv}
 42949 | Depths:3 | Reached skill level 5 in Translocations
 43322 | Depths:4 | Entered Level 4 of the Depths
 43436 | Depths:4 | Reached XP level 23. HP: 199/229 MP: 34/34
 43440 | Depths:4 | Found an iron altar of Okawaru.
 43586 | Depths:4 | Reached skill level 10 in Spellcasting
 44187 | Depths:4 | Found a gate to the Realm of Zot.
 44252 | Depths:4 | Reached skill level 22 in Shapeshifting
 44876 | Swamp:1  | Killed Matygoc's ghost
 45000 | Swamp:2  | Killed Rem's ghost
 45005 | Swamp:2  | Killed pigah's ghost
 45013 | Swamp:2  | Killed Zenkrye's ghost
 45028 | Swamp:2  | Identified the +1 pair of boots "Bidemetz" {Rampage Will+
                  | Dex-3 Slay+3}
 45251 | Snake:3  | Killed Icun's ghost
 45313 | Snake:4  | Killed Roxanne
 45770 | Zot:1    | Entered Level 1 of the Realm of Zot
 45776 | Zot:1    | Lost mutation: You are very agile. (Dex +8, Str/Int -2)
                  | [Jiyva's grace]
 45776 | Zot:1    | Lost mutation: Your rubbery body absorbs attacks. (AC +1,
                  | EV +1) [Jiyva's grace]
 45776 | Zot:1    | Lost mutation: Armour fits poorly on your pseudopods.
                  | [Jiyva's grace]
 45776 | Zot:1    | Gained mutation: You possess an exceptional clarity of
                  | mind. [Jiyva's grace]
 45776 | Zot:1    | Gained mutation: Your system is resistant to poisons.
                  | (rPois) [Jiyva's grace]
 45776 | Zot:1    | Gained mutation: Your rubbery body absorbs attacks. (AC +1,
                  | EV +1) [Jiyva's grace]
 45776 | Zot:1    | Gained mutation: Your pliable body absorbs attacks. (AC +2,
                  | EV +2) [Jiyva's grace]
 45964 | Zot:2    | You are sucked into a shaft and drop 1 floor!
 46260 | Zot:3    | Noticed an orb of fire
 46264 | Zot:3    | Gained mutation: You are frail. (-10% HP) [an orb of fire]
 46266 | Zot:3    | Lost mutation: You have sharp fingernails. [an orb of fire]
 46268 | Zot:3    | Killed an orb of fire
 46376 | Zot:4    | Found a glowing silver altar of Zin.
 46394 | Zot:4    | Found a glowing golden altar of the Shining One.
 46424 | Zot:4    | Reached skill level 23 in Shapeshifting
 46432 | Zot:5    | Entered Level 5 of the Realm of Zot
 47079 | Zot:5    | Noticed an orb of fire
 47080 | Zot:5    | Gained mutation: You are occasionally teleported next to
                  | monsters. [an orb of fire]
 47091 | Zot:5    | Killed an orb of fire
 47094 | Zot:5    | Lost mutation: You have acidic saliva. [potion of mutation]
 47094 | Zot:5    | Lost mutation: Your body has grown eyes which may confuse
                  | attackers. (Acc +3) [potion of mutation]
 47094 | Zot:5    | Lost mutation: Your system is resistant to poisons. (rPois)
                  | [potion of mutation]
 47094 | Zot:5    | Gained mutation: Your large and strong wings let you fly.
                  | [potion of mutation]
 47095 | Zot:5    | Lost mutation: You possess an exceptional clarity of mind.
                  | [potion of mutation]
 47095 | Zot:5    | Lost mutation: Your flesh is cold resistant. (rC+) [potion
                  | of mutation]
 47095 | Zot:5    | Lost mutation: You are strong-willed. (Will+) [potion of
                  | mutation]
 47096 | Zot:5    | Lost mutation: You are occasionally teleported next to
                  | monsters. [potion of mutation]
 47096 | Zot:5    | Lost mutation: Your pliable body absorbs attacks. (AC +2,
                  | EV +2) [potion of mutation]
 47096 | Zot:5    | Gained mutation: Your natural rate of healing is unusually
                  | fast. [potion of mutation]
 47189 | Zot:4    | Found a transporter.
 47234 | Zot:4    | Reached XP level 24. HP: 214/214 MP: 41/41
 47328 | Zot:5    | Noticed an ancient lich
 47330 | Zot:5    | Noticed a dread lich
 47335 | Zot:5    | Killed an ancient lich
 47339 | Zot:5    | Killed a dread lich
 47349 | Zot:5    | Noticed a dread lich
 47352 | Zot:5    | Noticed a Killer Klown
 47356 | Zot:5    | Slimified a Killer Klown
 47356 | Zot:5    | a Killer Klown changed into an azure jelly
 47359 | Zot:5    | Noticed an orb of fire
 47359 | Zot:5    | Noticed an orb of fire
 47361 | Zot:5    | Gained mutation: You are very frail. (-20% HP) [an orb of
                  | fire]
 47363 | Zot:5    | Killed a dread lich
 47364 | Zot:5    | Reached skill level 24 in Shapeshifting
 47364 | Zot:5    | Gained mutation: Your magical capacity is low. (-10% MP)
                  | [an orb of fire]
 47369 | Zot:5    | Gained mutation: Your body sometimes deteriorates upon
                  | taking damage. [an orb of fire]
 47369 | Zot:5    | Gained mutation: You occasionally lose the ability to drink
                  | potions when taking damage. [an orb of fire]
 47371 | Zot:5    | Gained mutation: Your health recovers twice as slowly from
                  | being drained. [an orb of fire]
 47374 | Zot:5    | Gained mutation: You occasionally lose the ability to read
                  | scrolls when taking damage. [an orb of fire]
 47382 | Zot:5    | Killed an orb of fire
 47386 | Zot:5    | Lost mutation: You are agile. (Dex +4, Str/Int -1) [an orb
                  | of fire]
 47387 | Zot:5    | Killed an orb of fire
 47575 | Zot:5    | Noticed a dread lich
 47589 | Zot:5    | Killed a dread lich
 47621 | Zot:5    | Noticed an orb of fire
 47624 | Zot:5    | Noticed an orb of fire
 47632 | Zot:5    | Gained mutation: You are dopey. (Int -2) [an orb of fire]
 47633 | Zot:5    | Noticed a dread lich
 47636 | Zot:5    | Gained mutation: You sometimes lose the ability to read
                  | scrolls when taking damage. [an orb of fire]
 47638 | Zot:5    | Gained mutation: You have hidden genetic defects. [an orb
                  | of fire]
 47644 | Zot:5    | Gained mutation: You occasionally shout uncontrollably at
                  | your foes. [an orb of fire]
 47650 | Zot:5    | Gained mutation: Your body often deteriorates upon taking
                  | damage. [an orb of fire]
 47652 | Zot:5    | Killed an orb of fire
 47656 | Zot:5    | Killed an orb of fire
 47664 | Zot:5    | Killed a dread lich
 47679 | Zot:5    | Reached skill level 25 in Shapeshifting
 47707 | Zot:5    | Got the Orb of Zot
 47719 | Zot:5    | Noticed an ancient lich
 47735 | Zot:5    | Noticed an ancient lich
 47769 | Zot:4    | Lost mutation: Your large and strong wings let you fly.
                  | [Jiyva's grace]
 47769 | Zot:4    | Lost mutation: You are dopey. (Int -2) [Jiyva's grace]
 47769 | Zot:4    | Lost mutation: You are very frail. (-20% HP) [Jiyva's
                  | grace]
 47769 | Zot:4    | Lost mutation: You are frail. (-10% HP) [Jiyva's grace]
 47769 | Zot:4    | Lost mutation: Your magical capacity is low. (-10% MP)
                  | [Jiyva's grace]
 47769 | Zot:4    | Lost mutation: You sometimes lose the ability to read
                  | scrolls when taking damage. [Jiyva's grace]
 47769 | Zot:4    | Lost mutation: You have hidden genetic defects. [Jiyva's
                  | grace]
 47769 | Zot:4    | Gained mutation: You possess an exceptional clarity of
                  | mind. [Jiyva's grace]
 47769 | Zot:4    | Gained mutation: You passively map a small area around you.
                  | [Jiyva's grace]
 47769 | Zot:4    | Gained mutation: You passively map the area around you.
                  | [Jiyva's grace]
 47769 | Zot:4    | Gained mutation: You passively map a large area around you.
                  | [Jiyva's grace]
 47844 | Zot:2    | Noticed Mafenabb the pandemonium lord
 47848 | Zot:2    | Killed Mafenabb the pandemonium lord
 48094 | D:15     | Noticed Weosetz the pandemonium lord
 48108 | D:15     | Killed Weosetz the pandemonium lord
 48347 | D:$      | Escaped with the Orb!

Illustrated notes

Levels and vault maps discovered:
D:1:      dpeg_arrival_arbitrary_c, layout_loops_ring
D:2:      minmay_evil_eye, layout_loops_ring,
          shapermc_ecumenical_altar_flowoftime, minmay_misc_feat_four_crosses,
          nicolae_figureground_pulse
D:3:      layout_rooms, nzn_wu_jian_contemplation, serial_shops,
          nicolae_shop_pleasant_corner_grove, gammafunk_ghost_nasty_kobolds,
          grunt_decor_cap, uniq_natasha, uniq_jessica, uniq_crazy_yiuf_cottage,
          uniq_robin
D:4:      layout_basic
D:5:      layout_basic, nicolae_ru_great_annihilating_truth, elyvilon_altar_3,
          nicolae_dithmenos_through_a_glass_darkly,
          minmay_temple_entry_statues_pillars, serial_aquarium,
          aquarium_bridge_straight [aquarium_subvault_bridge,
          aquarium_subvault_window, aquarium_subvault_bridge,
          aquarium_subvault_balcony], aquarium_bridge_straight
          [aquarium_subvault_bridge, aquarium_subvault_balcony,
          aquarium_subvault_bridge, aquarium_subvault_wall], aquarium_window_1,
          aquarium_window_3, aquarium_window_1, aquarium_view_2e,
          aquarium_balcony_3a, uniq_edmund
D:6:      layout_rooms, fedhas_altar_2, serial_co_window_serial,
          co_window_paths_a, co_window_paths_a, co_window_paths_a,
          co_window_paths_b, co_window_paths_a, co_window_corner_b,
          co_window_paths_c, co_window_corner_cb, co_window_4corner_a,
          glass_columns_c, glass_columns_b, gup_sewer_entry_bubbles
D:7:      layout_layer_cave
D:8:      layout_rooms, david_lair_shrubbed, uniq_maurice
D:9:      kennysheep_town, uniq_prince_ribbit1
D:10:     layout_cave_pools, minmay_orc_entry_guard_dogs,
          chequers_serial_rivers_micro_a, uniq_lodul, uniq_joseph
D:11:     layout_loops_corners, portal_ice_cave_rime, serial_shops,
          shop_fountains, nicolae_shop_crystal, shop, shop, uniq_psyche
D:12:     layout_loops_corners, uniq_frances, uniq_sonja, uniq_gastronok
D:13:     layout_cave_pools, hellmonk_vaults_attempted_burglary
D:14:     layout_irregular_city, gauntlet_entry_generic, serial_park_avenue1,
          nicolae_uskayaw_dance_hall
D:15:     grunt_enter_depths_snipers, layout_cave_pools,
          serial_library_hellmonk_junction
Temple:   minmay_temple_bridge_d
Lair:1:   layout_cellular_growth, lemuel_oklob_altar, grunt_megastairs_3,
          uniq_fannar
Lair:2:   layout_gridlike, minmay_shattered_shrine
Lair:3:   layout_gridlike, swamp_mist, minmay_snake_entry_six_corridors
Lair:4:   layout_concentric_octagons, nicolae_slime_entry_field_trip,
          hangedman_lair_unloving_vines, lemuel_fruit_tree,
          infiniplex_staircase_pool, grunt_megastairs_5
Lair:5:   evil_forest, layout_hall_layers
Swamp:1:  layout_basic_swamp, gammafunk_ghost_abyssal_escape,
          evilmike_swamp_ruin_house_3
Swamp:2:  layout_basic_swamp, gammafunk_ghost_cemetery,
          evilmike_swamp_ruin_house_5
Swamp:3:  layout_basic_swamp, nicolae_swamp_stair_fork, swamp_pool_1_2,
          lightli_tree_ring
Swamp:4:  swamp_old_school, layout_basic_swamp, swamp_pool_4,
          nicolae_swamp_godswood, nicolae_swamp_treefoil
Snake:1:  layout_concentric_octagons, serial_bayou_shore_b, minmay_shoptagon
Snake:2:  layout_layer_cave
Snake:3:  layout_gridlike, gammafunk_ghost_split, serial_shops, shop,
          uniq_aizul, uniq_vashnia, uniq_azrael
Snake:4:  johnstein_snake_rune_scales, layout_cave_town,
          nicolae_snake_serpentine_hallways, serial_bayou_lagoon_a,
          uniq_saint_roka, uniq_roxanne
Slime:1:  layout_caves
Slime:2:  layout_caves, special_room [special_room_jelly]
Slime:3:  layout_caves, special_room [special_room_jelly], dissolution_awaits
Slime:4:  layout_caves
Slime:5:  slime_pit
Orc:1:    layout_caves
Orc:2:    grunt_orc_gardens, layout_caves, grunt_orc_garden, grunt_orc_garden,
          grunt_orc_garden, grunt_orc_garden
Elf:1:    nicolae_elf_arrival_dilemma, layout_onion_city, serial_shops,
          nicolae_shop_pleasant_corner_grove, minmay_elf_necromancy,
          patterned_corridor, uniq_jorgrun
Elf:2:    elven_hall_of_blades_hangedman_alternative
          [infiniplex_blade_entry_pillars], layout_loops_cross, serial_shops,
          shop, lemuel_upstairs_altar
Elf:3:    grunt_elf_hall_asides, layout_loops_cross,
          nicolae_elf_free_trip_to_the_abyss
Vaults:1: nicolae_vaults_offset_grid_hallway_4, nicolae_vaults_fighting_squares,
          hangedman_vaults_cutoff, hangedman_vaults_stretched_pinwheel,
          nicolae_vaults_double_plus_2, v_misc_24, nicolae_vaults_theta,
          nicolae_vaults_sightless_eye, nicolae_vaults_closet_pinwheel_5,
          v_alt_pattern_1, vaults_room_ringed_pool, vaults_mumra_chevron,
          nicolae_vaults_little_squares_2, v_misc_17, vaults_dpeg_diagonal,
          layout_vaults_ring, serial_shops, nicolae_shop_peninsula
Vaults:2: v_misc_22, nicolae_vaults_closet_pinwheel_1,
          nicolae_vaults_c_with_doors, blue_anna_dwarven_crypt,
          nicolae_vaults_house_1, layout_vaults_omnigrid, serial_glass
Vaults:3: lightli_church_of_beogh, nicolae_vaults_little_ls,
          nicolae_vaults_tetromino_T_2, nicolae_vaults_trapezoid_lopsided_3,
          nicolae_vaults_tangram_2, v_misc_23, nicolae_vaults_weapon_check,
          nicolae_vaults_little_squares_3, vaults_room_pool, vaults_dpeg_hooks,
          nicolae_vaults_bisected_exclaves, v_misc_11,
          nicolae_vaults_border_crossing, nicolae_vaults_storage_closets_3,
          layout_vaults_omnicross
Vaults:4: gammafunk_ghost_smash, v_alt_pattern_1, ontoclasm_vaults_chip,
          v_pattern_1, v_rooms_6, vaults_room_door_ring, vaults_room_corners,
          ontoclasm_vaults_bender, nicolae_vaults_tetromino_L_1,
          nicolae_vaults_shipping_containers_3, nicolae_vaults_cochlea,
          vaults_room_stairs_pillars, vaults_standard_mumra_lines,
          nicolae_vaults_offset_grid_hallway_1, layout_vaults_maze_bifur,
          serial_shops, shop_statue
Depths:1: minmay_the_grid_triangle_9x9_rhombus_thin_mashed
          [minmay_the_grid_triangle_9x9_dagger,
          minmay_the_grid_triangle_9x9_prize_special,
          minmay_the_grid_triangle_9x9_longest,
          minmay_the_grid_triangle_9x9_fully_insulated_deathbox],
          layout_gridlike, enter_ziggurat_e, serial_bayou_pond_c,
          hangedman_coc_ice_floe, minivault_16,
          nicolae_concentric_dashed_squares_mild, nicolae_twisting_strands,
          serial_nicolae_subway, nicolae_sub_station_crystal,
          nicolae_sub_station_metal, nicolae_sub_station_stone
Depths:2: hellmonk_hyper_hexagons [hex_subvault_rooms, hex_subvault_rooms_two,
          hex_subvault_double_channel, hex_subvault_uneven,
          hex_subvault_crossings, hex_subvault_roundabout,
          hex_subvault_big_grid], pan_entry, hell_entry, uniq_boris
Depths:3: minmay_coctagon, layout_gridlike, abyss_entry, hell_entry,
          bloody_trog, infiniplex_staircase_spiral_double
Depths:4: grunt_zot_entry_tricorne, layout_basic, okawaru_trees_2, serial_glass,
          glass_columns_a, glass_columns_c, pf_vacation_house_of_asmodeus,
          minmay_room_of_horrors, hangedman_decor_clover_reticule
Zot:1:    layout_basic
Zot:2:    layout_twisted_circle
Zot:3:    lemuel_firehouse, layout_onion, guppyfry_library_mini
Zot:4:    layout_concentric_octagons, nzn_ghost_randoct,
          regret_index_zotdec_alabaster_prism, regret_index_zot_stipple_split,
          st_single_dragon_hoard_1, uniq_parghit
Zot:5:    layout_twisted_circle

Skill      XL: |  1  2  3  4  5  6  7  8  9 10 11 12 13 14 15 16 17 18 19 20 21 22 23 24 |
---------------+-------------------------------------------------------------------------+-----
Fighting       | 2 3 4 5 6 7 9 11 12 15 16 20 22 24 | 24.0
Unarmed Combat | 4 5 6 7 9 10 11 13 15 17 18 19 | 19.8
Shapeshifting  | 4 5 6 7 9 10 12 14 15 17 19 20 21 23 25 | 25.5
Shields        | 6 12 13 14 | 14.2
Dodging        | 3 8 9 10 11 12 | 12.0
Evocations     | 10 12 | 12.0
Spellcasting   | 7 14 | 14.1
Translocations | 5 |  5.8

Action                     |  1- 3 |  4- 6 |  7- 9 | 10-12 | 13-15 | 16-18 | 19-21 | 22-24 || total
---------------------------+-------+-------+-------+-------+-------+-------+-------+-------++-------
  Melee: Unarmed           |    96 |    19 |   144 |   484 |  1265 |  1036 |  1358 |  1361 ||  5763
         Tailslap          |    12 |    21 |    45 |   103 |   284 |   192 |   319 |   336 ||  1312
         Punch             |     3 |     6 |    10 |    13 |       |    36 |       |       ||    68
         Dagger            |       |   161 |   116 |       |       |       |       |       ||   277
         Mace              |       |       |     4 |    14 |       |       |       |       ||    18
         Kick              |       |       |       |    43 |   208 |       |       |       ||   251
         Headbutt          |       |       |       |       |    80 |   187 |       |       ||   267
         Maw               |       |       |       |       |    69 |   259 |   585 |   404 ||  1317
         Bite              |       |       |       |       |    27 |   161 |   260 |   202 ||   650
         Pseudopods        |       |       |       |       |       |     5 |   257 |   312 ||   574
  Throw: Javelin           |       |       |     2 |     1 |     1 |       |       |     1 ||     5
 Invoke: Oozemancy         |       |       |     2 |     8 |    12 |     5 |     9 |     9 ||    45
         Slimify           |       |       |     1 |       |     1 |     1 |     5 |     4 ||    12
Ability: Breathe Dispellin |       |       |     4 |     3 |       |    11 |     8 |     7 ||    33
         Begin Untransform |       |       |       |       |     1 |       |       |       ||     1
  Evoke: Wand              |       |     1 |     3 |    12 |     7 |     6 |       |     6 ||    35
         Lightning rod     |       |       |       |       |     7 |     5 |       |       ||    12
         Phial of floods   |       |       |       |       |       |       |       |     1 ||     1
    Use: Scroll            |       |     2 |     1 |    11 |    10 |    13 |     3 |     7 ||    47
         Potion            |       |     1 |     1 |       |     1 |     7 |     1 |    11 ||    22
   Stab: Sleeping          |       |     2 |     1 |     1 |     4 |     1 |     2 |     2 ||    13
         Paralysed         |       |     1 |       |       |       |       |       |       ||     1
         Confused          |       |       |       |    23 |    12 |     8 |    23 |     8 ||    74
         Distracted        |       |       |       |       |     3 |     3 |     1 |     3 ||    10
         Invisible         |       |       |       |       |       |     2 |       |       ||     2
 Armour: Skin              |    42 |    99 |   165 |   277 |   495 |   722 |   431 |   744 ||  2975
  Dodge: Dodged            |    41 |   101 |   147 |   182 |   349 |   254 |   331 |   547 ||  1952
  Block: Kite shield       |       |       |       |   150 |  1053 |   508 |   981 |  1078 ||  3770
         Reflection        |       |       |       |       |    71 |    96 |    77 |    22 ||   266
         Other             |       |       |       |       |       |    58 |       |       ||    58
   Form: Serpent           |       |       |       |       |     1 |       |       |     1 ||     2
         Beast             |       |       |       |       |     1 |       |       |       ||     1
         Maw               |       |       |       |       |     1 |     2 |       |     2 ||     5
         Dragon            |       |       |       |       |       |     2 |       |     1 ||     3
         Storm             |       |       |       |       |       |       |       |     1 ||     1
         Statue            |       |       |       |       |       |       |       |     2 ||     2
